 Dungeon Crawl Stone Soup version 0.24.0 (webtiles) character file.

Game seed: 15044715945128434484, levelgen mode: deterministic

198 Buxparty the Poker (level 5, -10/41 HPs)
             Began as a Mummy Gladiator on Feb 14, 2020.
             Killed from afar by an orc wizard (11 damage)
             ... with a magic dart
             ... on level 4 of the Dungeon.
             The game lasted 00:06:10 (3359 turns).

Buxparty the Poker (Mummy Gladiator)                Turns: 3359, Time: 00:06:10

Health: -10/41     AC:  5    Str: 19    XL:     5   Next: 47%
Magic:  5/5        EV: 13    Int:  7    God:
Gold:   134        SH:  0    Dex: 13    Spells: 4/4 levels left

rFire    x . .     SeeInvis .   a - +0 trident
rCold    + . .     Gourm    .   (no shield)
rNeg     + + +     Faith    .   b - +0 leather armour
rPois    ∞         Spirit   .   c - +0 helmet
rElec    .         Reflect  .   (no cloak)
rCorr    .         Harm     .   (no gloves)
MR       .....                  e - +0 pair of boots
Stlth    +.........             (no amulet)
HPRegen  0.13/turn              (no ring)
MPRegen  0.09/turn              (no ring)

@: no status effects
A: no food or potions, fire vulnerability, cold resistance 1, negative energy
resistance 3, torment resistance, unbreathing
a: no special abilities


You were on level 4 of the Dungeon.
You were not hungry.

You visited 1 branch of the dungeon, and saw 4 of its levels.

You collected 134 gold pieces.

Inventory:

Hand Weapons
 a - a +0 trident (weapon)
 i - a +2 dagger of protection
Missiles
 d - 3 throwing nets (quivered)
Armour
 b - a +0 leather armour (worn)
 c - a +0 helmet (worn)
 e - a +0 pair of boots (worn)
Jewellery
 o - an uncursed ring of resist corrosion
Scrolls
 f - 4 scrolls of enchant weapon {unknown}
 g - 3 scrolls of blinking {unknown}
 h - 6 scrolls of identify {unknown}
 j - a scroll of magic mapping {unknown}
 k - 2 scrolls of teleportation {unknown}
 l - a scroll of remove curse {unknown}
 m - 2 scrolls of amnesia {unknown}
 n - a scroll of fog {unknown}
 p - a scroll of fear {unknown}
 q - a scroll of enchant armour {unknown}
 r - a scroll of random uselessness {unknown}


   Skills:
 + Level 3.0 Fighting
 * Level 3.7 Polearms
 - Level 1.5 Throwing
 + Level 1.7 Armour
 + Level 3.1 Dodging


You had 4 spell levels left.
You didn't know any spells.
Your spell library was empty.

Dungeon Overview and Level Annotations

Branches:
Dungeon (4/15)
 Temple: D:4-7

Altars:
Vehumet


Innate Abilities, Weirdness & Mutations

You do not eat or drink.
Your flesh is vulnerable to fire.
You are immune to poison.
Your flesh is cold resistant. (rC+)
You are immune to negative energy. (rN+++)
You are immune to unholy pain and torment.
You can survive without breathing.


Message History

The orc wizard gestures wildly while chanting.
The orc wizard seems to speed up.
You closely miss the orc wizard.
The orc wizard is moderately wounded.
The orc wizard points at you and mumbles some strange words.
The puff of frost misses you. The orc wizard closely misses you.
You hit the orc wizard.
The orc wizard is severely wounded.
The orc wizard barely misses you.
An adder skeleton comes into view.
The orc wizard hits you but does no damage.
You barely miss the orc wizard.
The orc wizard is severely wounded.
The orc wizard gestures at you while chanting.
The puff of flame hits you! The fire burns you terribly!
* * * LOW HITPOINT WARNING * * *
The adder skeleton bites you but does no damage.
The orc wizard gestures at you while chanting.
The magic dart hits you!
You die...

##[.#######.######
.................#
###.###..##.####.# #
#.# #..##.# #.# #
#.###..##.####.### #
#.. ...##(.......
#[####.##........
#.............Z##
######.##.####@#######
....##.####o#..oo.#
##..........oo###.#
...................#
###.###.....#..##### #
####.....# #.##.## ###
.# .#


You could see an orc wizard, an orc and an adder skeleton.

Vanquished Creatures
  A centaur (D:3)
  An orc wizard (D:4)
  2 adders (D:3)
  3 worms
  3 dart slugs
  A leopard gecko (D:3)
  7 orcs
  2 ball pythons
  7 giant cockroaches
  3 hobgoblins
  4 jackals (D:3)
  8 kobolds
  5 bats
  5 frilled lizards
  6 goblins
  A quokka skeleton (D:4)
  8 rats
67 creatures vanquished.

Notes
Turn   | Place    | Note
-------+----------+-------------------------------------------
     0 | D:1      | Buxparty the Mummy Gladiator began the quest for the Orb.
     0 | D:1      | Reached XP level 1. HP: 16/16 MP: 1/1
   224 | D:1      | Reached XP level 2. HP: 21/22 MP: 2/2
  1035 | D:2      | Reached XP level 3. HP: 27/28 MP: 3/3
  1056 | D:2      | Found a radiant altar of Vehumet.
  1740 | D:3      | Reached skill level 1 in Armour
  2167 | D:3      | Noticed a centaur
  2179 | D:3      | Killed a centaur
  2179 | D:3      | Reached XP level 4. HP: 2/34 MP: 4/4
  2179 | D:3      | Reached XP level 5. HP: 3/40 MP: 5/5
  3185 | D:4      | Noticed an ogre
  3359 | D:4      | HP: 1/41 [orc wizard/puff of flame (9)]
  3359 | D:4      | Killed from afar by an orc wizard

Levels and vault maps discovered:
D:1:      grunt_arrival_crossed_arrows, layout_loops_ring
D:2:      layout_basic, vehumet_crystals, serial_corexii_hall,
          chequers_hall_statues_corner_a, corexii_hall_statues_x, first_ration
D:3:      layout_basic
D:4:      layout_basic, lemuel_another_geyser
